 Dungeon Crawl Stone Soup version 0.25-a0-591-g2ad0d861f1 (webtiles) character file.

Game seed: 17392390765967340021, levelgen mode: deterministic

101 Esekla the Ducker (level 4, -8/21 HPs)
             Began as a Spriggan Artificer on Mar 14, 2020.
             Mangled by an ogre
             ... wielding a +0 giant club
              (19 damage)
             ... on level 4 of the Dungeon.
             The game lasted 00:13:08 (4009 turns).

Esekla the Ducker (Spriggan Artificer)              Turns: 4009, Time: 00:13:09

Health: -8/21      AC:  2    Str:  8    XL:     4   Next: 48%
Magic:  0/8        EV: 20    Int: 13    God:
Gold:   94         SH:  0    Dex: 16    Spells: 6/6 levels left

rFire    . . .     SeeInvis +   a - +0 short sword
rCold    . . .     Gourm    .   (shield restricted)
rNeg     + . .     Faith    .   b - +0 robe
rPois    .         Spirit   +   (helmet restricted)
rElec    .         Reflect  .   (no cloak)
rCorr    .         Harm     .   (gloves unavailable)
MR       .....                  (boots unavailable)
Stlth    ++........             t - amulet of guardian spirit
HPRegen  0.07/turn              r - ring of positive energy
MPRegen  0.11/turn              (no ring)

@: very quick
A: very small, unfitting armour, see invisible, herbivore, speed 3, slow
metabolism 2
a: no special abilities


You were on level 4 of the Dungeon.
You were not hungry.

You visited 1 branch of the dungeon, and saw 4 of its levels.

You collected 94 gold pieces.

Inventory:

Hand Weapons
 a - a +0 short sword (weapon)
Armour
 b - a +0 robe (worn)
 j - a +0 leather armour
 m - a +0 leather armour
Jewellery
 r - a ring of positive energy (left hand)
 t - an amulet of guardian spirit (around neck)
Wands
 c - a wand of flame (15)
 d - a wand of enslavement (15)
 e - a wand of random effects (15)
Scrolls
 g - a scroll of enchant weapon {unknown}
 h - 3 scrolls of identify {unknown}
 i - a scroll of remove curse {unknown}
 n - 2 scrolls of teleportation
 o - a scroll of amnesia {unknown}
 p - 2 scrolls of enchant armour {unknown}
 q - 2 scrolls of fear {unknown}
Potions
 k - a potion of curing {unknown}
 l - 2 potions of brilliance {unknown}
 s - 2 potions of degeneration {unknown}
 u - 2 potions of heal wounds {unknown}
 v - 2 potions of flight {unknown}
Comestibles
 f - 6 rations


   Skills:
 - Level 0.7 Fighting
 * Level 3.2 Short Blades
 * Level 4.6 Dodging
 + Level 2.1 Stealth
 * Level 1.9 Spellcasting
 - Level 4.0 Evocations


You had 6 spell levels left.
You didn't know any spells.
Your spell library was empty.

Dungeon Overview and Level Annotations

Branches:
Dungeon (4/15)
 Temple: D:4-7

Altars:
Fedhas
Nemelex Xobeh
Qazlal
Ru
Uskayaw


Innate Abilities, Weirdness & Mutations

You are very small and have problems with some larger weapons.
You are too small for most types of armour.
You have supernaturally acute eyesight. (SInv)
You are a herbivore.
You cover ground extremely quickly.
You need to consume almost no food.


Message History

Throwing (i - inventory)
w - 2 poisoned darts (quivered)
Press: ? - help, Shift-Dir - straight line, f/p - ogre
Aim: an ogre, wielding a +0 giant club (severely wounded)
You throw a poisoned dart. The poisoned dart hits the ogre.
The ogre is poisoned.
The ogre is severely wounded.
Throwing (i - inventory)
w - a poisoned dart (quivered)
Press: ? - help, Shift-Dir - straight line, f/p - ogre
Aim: an ogre, wielding a +0 giant club (severely wounded, poisoned)
You throw a poisoned dart.
The poisoned dart closely misses the ogre.
You hit the ogre.
The ogre is almost dead.
The ogre misses you.
The ogre looks more healthy.
You hit the ogre but do no damage.
The ogre is almost dead.
The ogre hits you with a +0 giant club!!
Ouch! That really hurt!
You die...

..........#...#...(#..####.#####.
..........#...'....#.......#####.
..........#...#..(.'.........#...
..........#..##...##....##+###...
..........#..##...##....##...#...
..........#.......#..........#...
..........#.......#..........+...
..........#.....O.#..........#...
..........#'###.@#####'###+###...
'####'#......##..###...#.........
.#....'......#...'.....#.........
.#....#......#...#.....#.a.......
.##'###......#'####...##.........
###.#####....#...##...#....######
.....#..#....#....'...#....#
.....#..#....#....#...#....+
##'###..#....###.####+#....#


You could see an ogre.

Vanquished Creatures
  A worker ant (D:4)
  3 worms
  4 dart slugs (D:1)
  5 leopard geckos
  An orc (D:3)
  5 giant cockroaches
  5 hobgoblins
  10 kobolds
  2 quokkas
  4 bats
  3 frilled lizards
  5 goblins
  6 rats
54 creatures vanquished.

Notes
Turn   | Place    | Note
-------+----------+-------------------------------------------
     0 | D:1      | Esekla the Spriggan Artificer began the quest for the Orb.
     0 | D:1      | Reached XP level 1. HP: 9/9 MP: 4/4
   165 | D:1      | Reached skill level 1 in Spellcasting
   404 | D:1      | Reached XP level 2. HP: 12/14 MP: 6/6
  1104 | D:1      | Reached XP level 3. HP: 16/17 MP: 7/7
  1632 | D:2      | Found a blossoming altar of Fedhas.
  1719 | D:2      | Found a sparkling altar of Nemelex Xobeh.
  2022 | D:3      | Found a stormy altar of Qazlal.
  2022 | D:3      | Noticed a water elemental
  2023 | D:3      | Noticed an earth elemental
  2023 | D:3      | Noticed an air elemental
  2023 | D:3      | Noticed a fire elemental
  2304 | D:3      | Found a sacrificial altar of Ru.
  2958 | D:3      | Reached XP level 4. HP: 21/21 MP: 6/8
  3544 | D:4      | Found a hide-covered altar of Uskayaw.
  3864 | D:4      | Noticed an ogre
  4009 | D:4      | Mangled by an ogre

Levels and vault maps discovered:
D:1:      elethiomel_arrival_quiet, layout_basic, minmay_misc_feat_iff,
          minmay_crystal_room
D:2:      layout_rooms, lemuel_crystal_altar, old_standard_altar, first_ration
D:3:      layout_basic, lemuel_doored_altar, nicolae_qazlal_style_of_elements,
          minmay_misc_feat_cross, dk_noncrumbling_3
D:4:      layout_gridville, nicolae_overflow_crystal_walls

Skill      XL: |  1  2  3  4 |
---------------+-------------+-----
Spellcasting   | 1 |  1.9
Short Blades   | 2 3 |  3.2
Dodging        | 4 |  4.6
Stealth        | 2 |  2.1
Fighting       | |  0.7
Evocations     | |  4.0

Action                   |  1- 3 |  4- 6 || total
-------------------------+-------+-------++-------
Melee: Short sword       |   217 |    56 ||   273
Throw: Dart              |       |    10 ||    10
  Use: Scroll            |     1 |       ||     1
 Stab: Sleeping          |    10 |     2 ||    12
  Eat: Ration            |       |     1 ||     1
Armor: Robe              |    17 |     4 ||    21
Dodge: Dodged            |   153 |    47 ||   200

Table legend:
 A = Non-vault XP
 B = Vault XP
 C = Vault XP percentage of total XP
 D = Non-vault monster count
 E = Vault monster count
 F = Vault count percentage of total count
                 A         B        C        D         E       F
            +---------+---------+-------+---------+---------+-------
      Total |     145 |       0 |   0.0 |      54 |       0 |   0.0
            +---------+---------+-------+---------+---------+-------
        D:1 |      58 |       0 |   0.0 |      29 |       0 |   0.0
        D:2 |      22 |       0 |   0.0 |      12 |       0 |   0.0
        D:3 |      27 |       0 |   0.0 |      11 |       0 |   0.0
        D:4 |      38 |       0 |   0.0 |       2 |       0 |   0.0
            +---------+---------+-------+---------+---------+-------
